 Dungeon Crawl Stone Soup version 0.25-a0-583-g696c2ac64d (webtiles) character file.

Game seed: 11660098760081065710, levelgen mode: deterministic

235602 Maize the Executioner (level 18, -2/182 HPs)
             Began as a Minotaur Berserker on Mar 8, 2020.
             Was a High Priest of Trog.
             Shot with an arrow by a deep elf master archer (19 damage)
             ... on level 3 of the Elven Halls.
             The game lasted 01:14:10 (33773 turns).

Maize the Executioner (Minotaur Berserker)         Turns: 33773, Time: 01:14:10

Health: -2/182     AC: 32    Str: 41    XL:     18   Next: 91%
Magic:  17/17      EV: 15    Int: 13    God:    Trog [*****.]
Gold:   545        SH:  0    Dex: 11    Spells: 17/17 levels left

rFire    + . .     SeeInvis +   H - +9 executioner's axe (vorpal)
rCold    + . .     Gourm    .   (shield currently unavailable)
rNeg     . . .     Faith    .   L - +2 chain mail {MR+}
rPois    .         Spirit   .   q - +1 hat {SInv}
rElec    +         Reflect  .   y - +2 cloak {MR+}
rCorr    .         Harm     .   T - +2 pair of gloves {Str+3}
MR       +++++                  p - +2 pair of boots of Lon Bus {rC+ Str+2 Int+3}
Stlth    ..........             e - amulet of Rib Cumoa {+Rage rElec MR- Int+6 Slay+5}
HPRegen  1.40/turn              R - ring "Jost" {AC+3 Str+7 Int-4}
MPRegen  0.15/turn              W - ring "Puxiuqopna" {rF+ MR+++ Int+4 Stlth-}

@: about to teleport, flying (expiring), regenerating
A: retaliatory headbutt, horns 2, talons 2, mutation resistance 1, electricity
resistance
}: 1/15 runes: serpentine
a: Berserk, Trog's Hand, Brothers in Arms, Renounce Religion, Evoke Berserk Rage


You were on level 3 of the Elven Halls.
You worshipped Trog.
Trog was extremely pleased with you.
You were very hungry.

You visited 5 branches of the dungeon, and saw 30 of its levels.
You also visited: Gauntlet.

You collected 3565 gold pieces.
You spent 3020 gold pieces at shops.

Inventory:

Hand Weapons
 i - a +5 executioner's axe of flaming
 z - a +7 antimagic battleaxe
 H - a +9 vorpal executioner's axe (weapon)
Missiles
 h - 19 silver javelins (quivered)
Armour
 p - the +2 pair of boots of Lon Bus (worn) {rC+ Str+2 Int+3}
   (You bought it in a shop on level 12 of the Dungeon)

   It affects your strength (+2).
   It affects your intelligence (+3).
   It protects you from cold.
 q - a +1 hat of see invisible (worn)
 y - a +2 cloak of magic resistance (worn)
 E - a +0 plate armour
 L - a +2 chain mail of magic resistance (worn)
 Q - a scarf of resistance
 T - a +2 pair of gloves of strength (worn)
Jewellery
 e - the amulet of Rib Cumoa (around neck) {+Rage rElec MR- Int+6 Slay+5}
   (You bought it in a shop on level 12 of the Dungeon)

   [amulet of rage]

   It affects your intelligence (+6).
   It affects your accuracy and damage with ranged weapons and melee attacks
   (+5).
   It insulates you from electricity.
   It affects your resistance to hostile enchantments.
   It lets you go berserk.
 s - an uncursed ring of poison resistance
 R - the ring "Jost" (left hand) {AC+3 Str+7 Int-4}
   (You found it on level 4 of the Lair of Beasts)

   [ring of protection]

   It affects your AC (+3).
   It affects your strength (+7).
   It affects your intelligence (-4).
 W - the ring "Puxiuqopna" (right hand) {rF+ MR+++ Int+4 Stlth-}
   (You bought it in a shop on level 2 of the Orcish Mines)

   [ring of protection from fire]

   It affects your intelligence (+4).
   It protects you from fire.
   It affects your resistance to hostile enchantments.
   It makes you less stealthy.
Wands
 x - a wand of iceblast (16)
 A - a wand of polymorph (15)
 B - a wand of disintegration (56)
 C - a wand of digging (13)
 G - a wand of flame (84)
 N - a wand of enslavement (7)
 X - a wand of paralysis (8)
 Z - a wand of acid (7)
Scrolls
 a - 5 scrolls of enchant weapon
 b - 8 scrolls of magic mapping
 d - 9 scrolls of teleportation
 j - 4 scrolls of enchant armour
 l - 9 scrolls of remove curse
 w - 4 scrolls of fog
 F - 2 scrolls of blinking
 I - 5 scrolls of fear
 J - 3 scrolls of immolation
 K - 3 scrolls of holy word
 M - 3 scrolls of identify
 S - 2 scrolls of silence
Potions
 f - a potion of cancellation
 g - 5 potions of might
 k - 13 potions of curing
 o - a potion of heal wounds
 u - 7 potions of brilliance
 v - 5 potions of stabbing
 D - 4 potions of flight
 P - 3 potions of resistance
 U - 2 potions of magic
 V - 2 potions of haste
 Y - 6 potions of mutation
Miscellaneous
 t - 2 phantom mirrors
 O - 3 tins of tremorstones
Comestibles
 c - 34 rations


   Skills:
 + Level 21.0 Fighting
 * Level 25.3 Axes
 + Level 19.1 Armour
 + Level 10.5 Dodging


You had 17 spell levels left.
You didn't know any spells.
Your spell library was empty.

Dungeon Overview and Level Annotations

Branches:
Dungeon (15/15)            Temple (0/1) D:7            Lair (6/6) D:8
  Swamp (0/4) Lair:4        Snake (4/4) Lair:2        Slime (0/5) Lair:6
    Orc (2/2) D:12            Elf (3/3) Orc:2        Vaults (0/5) D:14
 Depths (0/5) D:15        Gauntlet (visited)

Altars:
Ashenzari
Elyvilon
Gozag
Trog
Uskayaw
Wu Jian
Xom
The Shining One
Jiyva

Shops:
D:11 ?   D:12 *   D:13 =   Orc:2 (:==:   Elf:2 :   Elf:3 ?=*   Snake:1 *?%(
Snake:4 *

Annotations:
D:11 3 runed translucent doors, Pated's ghost, journeyman CeAK; Xyok's ghost, journeyman VSTm


Innate Abilities, Weirdness & Mutations

You reflexively headbutt those who attack you in melee.
You have a pair of horns on your head.
You have razor-sharp toenails.
You are somewhat resistant to further mutation.
You are resistant to electric shocks. (rElec)


Message History

The deep elf master archer shoots an arrow.
The arrow barely misses you.
Unknown command.
You slash the air elemental! Your headbutt misses the air elemental.
The air elemental is heavily damaged.
You slash the deep elf annihilator!
The vortex of raging winds lifts you up.
You fly up into the air.
* * * LOW HITPOINT WARNING * * *
The air elemental closely misses you. You furiously retaliate!
You headbutt the air elemental!!
You destroy the air elemental!
Trog accepts your kill.
The deep elf master archer shoots an arrow.
The arrow hits you!!
* * * LOW HITPOINT WARNING * * *
Found a gnarled smoking staff and an uncursed dagger.
The deep elf master archer shoots an arrow.
The arrow hits you!!
You die...

#.....######..#######...#..#.
####### ##)# ######.#.
#####.#### #... ###........
#### ###............##
#.............e..#
..................##
...e.....###.......##
....§.§.@(###.......##
........e§§§.')##...ee1.#
#..1...e§§.§(.#|)##.1e../##
....^.######### .)#2..(...#
##.....# .#.......# #.....#
#........# #....# #...E....#
###14..# #.⌠.°..(.# e..E...#
#..○.....#


You could see a deep elf master archer, a deep elf annihilator and a deep elf
demonologist.

Vanquished Creatures
  Vashnia (Snake:3)
  A deep elf master archer (Elf:3)
  Kirke (Snake:3)
  Agnes (Elf:2)
  Roxanne (Snake:3)
  5 nagarajas (Snake:4)
  2 deep elf sorcerers
  Aizul (Elf:1)
  A deep elf elementalist (Elf:3)
  5 deep elf demonologists
  Azrael (D:12)
  3 deep elf annihilators
  A minotaur (Gauntlet)
  A green death (Gauntlet)
  Snorg (Orc:1)
  4 deep elf death magi
  Josephine (Orc:2)
  A deep elf high priest (Elf:3)
  10 hydras
  15 anacondas
  12 naga warriors
  4 centaur warriors
  2 catoblepae (D:15)
  Erica (D:8)
  6 two-headed ogres
  3 tengu warriors (D:14)
  An ogre mage (D:15)
  28 dancing weapons
  3 orc high priests (Orc:2)
  4 death yaks
  9 shock serpents
  13 deep elf knights
  21 naga sharpshooters
  5 skeletal warriors (D:14)
  An iron troll (D:14)
  5 sea snakes (Snake:2)
  6 large abominations (Elf:2)
  2 salamander mystics (Snake:2)
  10 naga ritualists
  6 deep elf archers
  4 unseen horrors
  A necromancer (Elf:2)
  Pikel (D:8)
  4 orc knights (Orc:2)
  4 orc sorcerers
  11 mana vipers
  47 deep elf magi
  3 wolf spiders (Lair:4)
  A faun (shapeshifter) (D:14)
  5 cyclopes
  8 salamanders
  A manticore (D:15)
  A manticore (shapeshifter) (D:15)
  11 ugly things
  6 guardian serpents
  17 naga magi
  3 gargoyles
  49 black mambas
  21 spiny frogs
  A torpor snail (Lair:2)
  A minotaur zombie (Gauntlet)
  4 kobold demonologists
  5 komodo dragons
  2 rime drakes (Lair:6)
  A harpy zombie (D:14)
  6 trolls
  4 tyrant leeches (Lair:6)
  3 meliai (D:13)
  A queen bee (shapeshifter) (Elf:2)
  6 hornets
  15 blink frogs (Lair:6)
  5 slime creatures (D:12)
  5 hippogriffs
  12 dream sheep
  3 flying skulls (Gauntlet)
  4 air elementals
  4 spriggans
  40 yaks
  A vampire (D:13)
  3 shadows (D:11)
  5 wraiths
  Eustachio (D:6)
  Grum (D:8)
  5 water elementals
  6 fire elementals
  2 hogs (Snake:3)
  6 wyverns
  5 basilisks
  A hungry ghost (D:14)
  A steam dragon (D:14)
  6 vampire mosquitoes (Lair:6)
  2 wargs (Orc:2)
  Menkaure (D:5)
  53 nagas
  An acid dragon (D:15)
  3 hell hounds (D:12)
  13 water moccasins
  19 orc warriors
  10 porcupines
  5 ice beasts
  4 sky beasts
  A slave (D:8)
  5 phantoms
  3 black bears
  8 ogres
  A necrophage (D:9)
  14 centaurs
  7 wolves
  11 crocodiles
  22 bullfrogs
  2 big kobolds
  3 earth elementals
  6 scorpions
  17 wights
  5 killer bees (D:8)
  5 howler monkeys
  3 electric eels
  4 crimson imps
  2 bullfrog zombies
  A quasit (D:9)
  2 centaur zombies
  6 hounds
  Crazy Yiuf (D:7)
  3 bullfrog skeletons
  18 orc priests
  A gnoll shaman (D:7)
  4 iguanas
  3 jellies
  23 orc wizards
  4 centaur skeletons
  13 worker ants
  7 gnolls
  A howler monkey skeleton (D:6)
  24 adders
  4 shadow imps
  An adder skeleton (D:9)
  5 worms
  2 dart slugs
  9 leopard geckos
  89 orcs
  A ball python (D:2)
  7 bats
  7 giant cockroaches
  5 goblins
  8 hobgoblins
  5 jackals
  6 quokkas
  3 frilled lizards
  A jackal skeleton (D:6)
  13 kobolds
  2 leopard gecko skeletons
  A quokka skeleton (D:5)
  7 rats
  2 bushes
  2 crawling corpses (Elf:3)
  3 fungi
  13 plants
1099 creatures vanquished.

Vanquished Creatures (collateral kills)
  A deep elf blademaster (Elf:3)
  A nagaraja (Snake:4)
  A naga warrior (Snake:4)
  A naga mage (Snake:4)
  9 flying skulls (Gauntlet)
  3 nagas (Snake:4)
16 creatures vanquished.

Vanquished Creatures (others)
  A water elemental (Elf:3)
  3 humans (Snake:3)
  A scorpion (D:8)
  12 fungi
  52 plants
  4 withered plants
73 creatures vanquished.

Grand Total: 1188 creatures vanquished

Notes
Turn   | Place    | Note
-------+----------+-------------------------------------------
     0 | D:1      | Maize the Minotaur Berserker began the quest for the Orb.
     0 | D:1      | Reached XP level 1. HP: 19/19 MP: 0/0
   125 | D:1      | Reached skill level 4 in Axes
   125 | D:1      | Reached XP level 2. HP: 27/27 MP: 1/1
   368 | D:1      | Reached ** piety under Trog
   563 | D:2      | Reached XP level 3. HP: 32/33 MP: 2/2
   679 | D:2      | Reached XP level 4. HP: 15/40 MP: 3/3
   713 | D:2      | Reached skill level 5 in Axes
  1041 | D:2      | Found a faded altar of an unknown god.
  1390 | D:3      | Reached *** piety under Trog
  1393 | D:3      | Reached XP level 5. HP: 39/47 MP: 4/4
  1905 | D:4      | Noticed a phantom
  1922 | D:4      | Killed a phantom
  1922 | D:4      | Reached skill level 5 in Fighting
  1922 | D:4      | Reached skill level 6 in Axes
  1922 | D:4      | Reached XP level 6. HP: 44/56 MP: 5/5
  2056 | D:4      | Reached skill level 7 in Axes
  2156 | D:4      | Found a glowing golden altar of the Shining One.
  2265 | D:4      | Found a white marble altar of Elyvilon.
  2426 | D:5      | Entered Level 5 of the Dungeon
  2442 | D:5      | Reached XP level 7. HP: 60/62 MP: 6/6
  2446 | D:5      | Reached skill level 5 in Armour
  2644 | D:5      | Noticed Menkaure
  2653 | D:5      | Killed Menkaure
  2750 | D:5      | Reached skill level 8 in Axes
  2995 | D:6      | Reached **** piety under Trog
  3006 | D:6      | Reached XP level 8. HP: 64/71 MP: 7/7
  3057 | D:6      | Reached skill level 9 in Axes
  3165 | D:6      | Found a shimmering altar of Xom.
  3180 | D:6      | Noticed Eustachio
  3185 | D:6      | Killed Eustachio
  3742 | D:7      | Reached skill level 10 in Axes
  3768 | D:7      | Noticed a hornet
  3784 | D:7      | Paralysed by a hornet for 3 turns
  3787 | D:7      | Killed a hornet
  3787 | D:7      | Reached XP level 9. HP: 21/81 MP: 8/8
  4004 | D:7      | Found a staircase to the Ecumenical Temple.
  4051 | D:7      | Found a runed translucent door.
  4052 | D:7      | Noticed Crazy Yiuf
  4206 | D:7      | Killed Crazy Yiuf
  4396 | D:7      | Reached skill level 11 in Axes
  4424 | D:7      | Found a hide-covered altar of Uskayaw.
  4427 | D:7      | Found an ornate altar of the Wu Jian Council.
  4555 | D:8      | Noticed Grum
  4557 | D:8      | Noticed a gargoyle
  4571 | D:8      | Killed Grum
  4575 | D:8      | Killed a gargoyle
  4575 | D:8      | Reached skill level 12 in Axes
  4901 | D:8      | Reached XP level 10. HP: 85/91 MP: 9/9
  4905 | D:8      | Reached ***** piety under Trog
  4905 | D:8      | Received a gift from Trog
  4915 | D:8      | Noticed Erica
  4924 | D:8      | Killed Erica
  5028 | D:8      | Found a staircase to the Lair.
  5058 | D:8      | Found an opulent altar of Gozag.
  5059 | D:8      | Found a bloodstained altar of Trog.
  5133 | D:8      | Found a bloodstained altar of Trog.
  5161 | D:8      | Noticed Pikel
  5168 | D:8      | Killed Pikel
  5168 | D:8      | Reached skill level 13 in Axes
  5248 | D:8      | Reached skill level 10 in Fighting
  5764 | D:9      | Reached skill level 10 in Armour
  5973 | D:9      | Noticed a two-headed ogre
  5988 | D:9      | Killed a two-headed ogre
  5988 | D:9      | Reached skill level 14 in Axes
  6122 | D:9      | Reached XP level 11. HP: 99/101 MP: 10/10
  6164 | D:10     | Entered Level 10 of the Dungeon
  6192 | D:10     | Received a gift from Trog
  6428 | D:10     | You fall into a shaft and drop 3 floors!
  6428 | D:13     | Noticed a green ugly thing
  6436 | D:13     | Killed a green ugly thing
  6510 | D:13     | Noticed an unseen horror
  6519 | D:13     | Killed an unseen horror
  6683 | D:13     | Noticed a two-headed ogre
  6693 | D:13     | Killed a two-headed ogre
  6693 | D:13     | Reached skill level 15 in Axes
  6843 | D:13     | Noticed an unseen horror
  6845 | D:13     | Noticed a centaur warrior
  6846 | D:13     | Killed an unseen horror
  6855 | D:13     | Killed a centaur warrior
  7096 | D:11     | Found Nueq's Magic Scroll Shoppe.
  7107 | D:11     | Noticed a purple ugly thing
  7115 | D:11     | Killed a purple ugly thing
  7145 | D:11     | Bought a scroll of amnesia for 49 gold pieces
  7145 | D:11     | Bought a scroll of remove curse for 42 gold pieces
  7145 | D:11     | Bought a scroll of magic mapping for 49 gold pieces
  7145 | D:11     | Bought a scroll of enchant armour for 105 gold pieces
  7145 | D:11     | Bought a scroll of identify for 28 gold pieces
  7145 | D:11     | Bought a scroll of silence for 105 gold pieces
  7185 | D:11     | Gained mutation: Potions are less effective at restoring
                  | your health. [a neqoxec]
  7187 | D:11     | Noticed a sixfirhy
  7201 | D:11     | Lost mutation: Potions are less effective at restoring your
                  | health. [potion of mutation]
  7201 | D:11     | Gained mutation: You tend to lose your temper in combat.
                  | [potion of mutation]
  7201 | D:11     | Gained mutation: You have sharp toenails. [potion of
                  | mutation]
  7201 | D:11     | Gained mutation: You expend magic power (3 MP) to
                  | strengthen your wands. [potion of mutation]
  7201 | D:11     | Gained mutation: You are somewhat resistant to further
                  | mutation. [potion of mutation]
  7202 | D:11     | Lost mutation: You expend magic power (3 MP) to strengthen
                  | your wands. [potion of mutation]
  7202 | D:11     | Lost mutation: You tend to lose your temper in combat.
                  | [potion of mutation]
  7202 | D:11     | Gained mutation: You have razor-sharp toenails. [potion of
                  | mutation]
  7202 | D:11     | Gained mutation: You are resistant to electric shocks.
                  | (rElec) [potion of mutation]
  7532 | D:11     | Found a gate leading to a gauntlet.
  7541 | D:11     | Noticed a brown ugly thing
  7548 | D:11     | Killed a brown ugly thing
  7556 | Gauntlet | Entered a Gauntlet
  7556 | Gauntlet | Found a transporter.
  7556 | Gauntlet | Found a transporter.
  7560 | Gauntlet | Found a transporter.
  7560 | Gauntlet | Found a transporter.
  7562 | Gauntlet | Found a large runed translucent door.
  7563 | Gauntlet | Found a large runed translucent door.
  7564 | Gauntlet | Found a large runed translucent door.
  7564 | Gauntlet | Found a large runed translucent door.
  7564 | Gauntlet | Found a runed translucent door.
  7566 | Gauntlet | Found a runed translucent door.
  7567 | Gauntlet | Found a large runed translucent door.
  7567 | Gauntlet | Found a large runed translucent door.
  7567 | Gauntlet | Found a large runed translucent door.
  7567 | Gauntlet | Found a large runed translucent door.
  7568 | Gauntlet | Found a large runed translucent door.
  7569 | Gauntlet | Found a transporter.
  7569 | Gauntlet | Found a large runed translucent door.
  7576 | Gauntlet | Found a large runed translucent door.
  7576 | Gauntlet | Found a large runed translucent door.
  7577 | Gauntlet | Found a large runed translucent door.
  7577 | Gauntlet | Found a large runed translucent door.
  7577 | Gauntlet | Found a large runed translucent door.
  7577 | Gauntlet | Found a large runed translucent door.
  7580 | Gauntlet | Found a runed translucent gate.
  7580 | Gauntlet | Found a runed translucent gate.
  7580 | Gauntlet | Found a runed translucent gate.
  7581 | Gauntlet | Noticed a green death
  7582 | Gauntlet | Found a transporter.
  7590 | Gauntlet | Found a transporter.
  7590 | Gauntlet | Noticed an orange crystal statue
  7592 | Gauntlet | Found a transporter.
  7592 | Gauntlet | Found a transporter.
  7598 | Gauntlet | Found a transporter.
  7634 | Gauntlet | Found a transporter.
  7651 | Gauntlet | Noticed a death ooze
  7652 | Gauntlet | Found a transporter.
  7698 | Gauntlet | Found a transporter.
  7711 | Gauntlet | Noticed a death yak
  7713 | Gauntlet | Noticed a death yak
  7714 | Gauntlet | Noticed a death yak
  7716 | Gauntlet | Noticed a necromancer
  7719 | Gauntlet | Found a transporter.
  7815 | Gauntlet | Found a transporter.
  7829 | Gauntlet | Found a transporter.
  7830 | Gauntlet | Noticed a blizzard demon
  7939 | Gauntlet | Paralysed by a hornet for 2 turns
  7942 | Gauntlet | Received a gift from Trog
  7942 | Gauntlet | Reached XP level 12. HP: 112/112 MP: 11/11
  7945 | Gauntlet | Reached skill level 16 in Axes
  8007 | Gauntlet | Killed a green death
  8010 | Gauntlet | Got a translucent cloak
  8024 | Gauntlet | Identified the +2 cloak "Exedud" {Str+3} (You found it in a
                  | Gauntlet)
  8177 | Gauntlet | Got a steaming bone ring
  8179 | Gauntlet | Identified the ring of Ithriepo {Fire rElec} (You found it
                  | in a Gauntlet)
  8197 | Gauntlet | Noticed a minotaur
  8214 | Gauntlet | Killed a minotaur
  8577 | D:11     | Found a runed translucent gate.
  8578 | D:11     | Found a runed translucent gate.
  8579 | D:11     | Found a runed translucent gate.
  8580 | D:11     | Noticed Xyok's ghost (journeyman VSTm)
  8580 | D:11     | Noticed Xyok's ghost (journeyman VSTm)
  8580 | D:11     | Noticed Pated's ghost (journeyman CeAK)
  8771 | D:12     | Noticed Azrael
  8793 | D:12     | Killed Azrael
  8877 | D:12     | Found Ocear's Antique Artefacts.
  8890 | D:12     | Reached skill level 17 in Axes
  8896 | D:12     | Bought a sparkling crystal amulet for 115 gold pieces
  8896 | D:12     | Bought a flickering steel ring for 115 gold pieces
  8896 | D:12     | Bought a pair of faintly glowing boots for 218 gold pieces
  8906 | D:12     | Identified the +2 pair of boots of Lon Bus {rC+ Str+2
                  | Int+3} (You bought it in a shop on level 12 of the Dungeon)
  8908 | D:12     | Identified the ring of Edef {rPois rC- SInv Stlth+} (You
                  | bought it in a shop on level 12 of the Dungeon)
  8910 | D:12     | Identified the amulet of Rib Cumoa {+Rage rElec MR- Int+6
                  | Slay+5} (You bought it in a shop on level 12 of the
                  | Dungeon)
  9317 | D:12     | Found a staircase to the Orcish Mines.
  9657 | Lair:1   | Entered Level 1 of the Lair of Beasts
  9923 | Lair:1   | Received a gift from Trog
 10121 | Lair:1   | Reached XP level 13. HP: 109/122 MP: 12/12
 10423 | Lair:2   | Found a staircase to the Snake Pit.
 10639 | Lair:2   | Reached skill level 18 in Axes
 11827 | Lair:3   | Got an encrusted chain mail
 11838 | Lair:3   | Identified the cursed +0 chain mail of Distant Shores
                  | {rPois Stlth+} (You found it on level 3 of the Lair of
                  | Beasts)
 12076 | Lair:4   | Received a gift from Trog
 12167 | Lair:4   | Found a staircase to the Swamp.
 12217 | Lair:4   | Got a translucent amber ring
 12219 | Lair:4   | Identified the ring "Jost" {AC+3 Str+7 Int-4} (You found it
                  | on level 4 of the Lair of Beasts)
 12462 | Lair:4   | Reached skill level 19 in Axes
 13101 | Lair:5   | You fall into a shaft and drop 1 floor!
 13101 | Lair:6   | Entered Level 6 of the Lair of Beasts
 13327 | Lair:6   | Found a staircase to the Slime Pits.
 13329 | Lair:6   | Found a viscous altar of Jiyva.
 13354 | Lair:6   | Reached XP level 14. HP: 99/133 MP: 13/13
 13364 | Lair:6   | Received a gift from Trog
 13404 | Lair:6   | Reached skill level 15 in Fighting
 13415 | Lair:6   | Reached skill level 20 in Axes
 13420 | Lair:6   | Received a gift from Trog
 13752 | Lair:6   | Reached skill level 15 in Armour
 15466 | Orc:1    | Entered Level 1 of the Orcish Mines
 15466 | Orc:1    | Noticed Snorg
 15475 | Orc:1    | Killed Snorg
 15614 | Orc:2    | Entered Level 2 of the Orcish Mines
 15669 | Orc:2    | Received a gift from Trog
 15736 | Orc:2    | Found a staircase to the Elven Halls.
 15875 | Orc:2    | Noticed Josephine
 15893 | Orc:2    | Killed Josephine
 16487 | Orc:2    | Received a gift from Trog
 16490 | Orc:2    | Found Pir Ecw's Antique Weapon Boutique.
 16490 | Orc:2    | Found Ybroy's Jewellery Emporium.
 16492 | Orc:2    | Found Goygedd's Book Boutique.
 16492 | Orc:2    | Found Alius's Jewellery Emporium.
 16501 | Orc:2    | Bought the ring "Puxiuqopna" {rF+ MR+++ Int+4 Stlth-} for
                  | 652 gold pieces
 16536 | Orc:2    | Found Toeng's Book Shop.
 16966 | Orc:1    | Reached XP level 15. HP: 143/143 MP: 4/14
 17409 | D:13     | Found Hefimp's Jewellery Shoppe.
 17683 | D:14     | Reached skill level 21 in Axes
 18180 | D:14     | Received a gift from Trog
 18229 | D:14     | Found a gate to the Vaults.
 18355 | D:15     | Entered Level 15 of the Dungeon
 18433 | D:15     | Found a staircase to the Depths.
 19281 | D:15     | Received a gift from Trog
 19670 | D:15     | Found a shattered altar of Ashenzari.
 20177 | Snake:1  | Entered Level 1 of the Snake Pit
 20448 | D:13     | Bought an uncursed ring of poison resistance for 300 gold
                  | pieces
 20989 | Snake:1  | Reached skill level 22 in Axes
 21440 | Snake:1  | Found a white marble altar of Elyvilon.
 21451 | Snake:1  | Found Jaoklaho's Food Boutique.
 21451 | Snake:1  | Found Jiumm's Magic Scroll Shop.
 21453 | Snake:1  | Found Dearin's Weapon Boutique.
 21454 | Snake:1  | Found Xeup's Assorted Antiques.
 21462 | Snake:1  | Bought a scroll of identify for 34 gold pieces
 21462 | Snake:1  | Bought a scroll of identify for 34 gold pieces
 21462 | Snake:1  | Bought a scroll of teleportation for 51 gold pieces
 21462 | Snake:1  | Bought a scroll of acquirement for 884 gold pieces
 21462 | Snake:1  | Bought a scroll of immolation for 59 gold pieces
 21485 | Snake:1  | Bought a potion of curing for 90 gold pieces
 21485 | Snake:1  | Bought a potion of curing for 90 gold pieces
 21485 | Snake:1  | Identified the amulet "Pofaate" {Reflect Int+6 SH+3} (You
                  | acquired it on level 1 of the Snake Pit)
 21622 | Snake:1  | Reached XP level 16. HP: 101/154 MP: 2/15
 22483 | Snake:2  | Received a gift from Trog
 24169 | Snake:3  | Noticed Kirke
 24170 | Snake:3  | Noticed Vashnia
 24434 | Snake:3  | Killed Kirke
 24434 | Snake:3  | Received a gift from Trog
 24437 | Snake:3  | Reached skill level 5 in Dodging
 24680 | Snake:3  | Killed Vashnia
 24961 | Snake:3  | Reached skill level 23 in Axes
 26086 | Snake:3  | Noticed Roxanne
 26507 | Snake:3  | Killed Roxanne
 26557 | Snake:3  | Reached XP level 17. HP: 144/166 MP: 16/16
 26574 | Snake:3  | Received a gift from Trog
 26855 | Snake:3  | Got a scorched platinum ring
 26857 | Snake:3  | Identified the ring "Tolyrem" {+Fly Int+4 Stlth+} (You
                  | found it on level 3 of the Snake Pit)
 26870 | Snake:3  | Got an encrusted ring mail
 26881 | Snake:3  | Identified the +1 ring mail "Dumithosh" {rPois Str+2 Int+2
                  | Dex+3} (You found it on level 3 of the Snake Pit)
 27098 | Snake:4  | Entered Level 4 of the Snake Pit
 27290 | Snake:4  | Found Gixuo's Assorted Antiques.
 28674 | Snake:4  | Received a gift from Trog
 29061 | Snake:4  | Reached skill level 24 in Axes
 29398 | Snake:4  | Got a serpentine rune of Zot
 30160 | Elf:1    | Entered Level 1 of the Elven Halls
 30242 | Elf:1    | Received a gift from Trog
 30249 | Elf:1    | Got a brightly glowing battleaxe {god gift}
 30250 | Elf:1    | Identified the +7 battleaxe "Susaas" {flame, rC+} (Trog
                  | gifted it to you on level 1 of the Elven Halls)
 30260 | Elf:1    | Got a brightly glowing hand axe
 30261 | Elf:1    | Identified the +7 hand axe of Bearecvy {drain, Str+7 Int+3}
                  | (You found it on level 1 of the Elven Halls)
 30321 | Elf:1    | Noticed Aizul
 30708 | Elf:1    | Killed Aizul
 30773 | Elf:1    | Received a gift from Trog
 30903 | Elf:1    | Reached XP level 18. HP: 101/178 MP: 17/17
 31550 | Elf:2    | Found Legoawif's Book Emporium.
 31663 | Elf:2    | Found a runed translucent gate.
 31663 | Elf:2    | Found a runed translucent gate.
 31667 | Elf:2    | Received a gift from Trog
 31677 | Elf:2    | Found a runed translucent gate.
 32458 | Elf:2    | Noticed Agnes
 32465 | Elf:2    | Killed Agnes
 32465 | Elf:2    | Reached skill level 10 in Dodging
 32477 | Elf:2    | Reached skill level 25 in Axes
 32481 | Elf:2    | Received a gift from Trog
 32771 | Elf:3    | Entered Level 3 of the Elven Halls
 32772 | Elf:3    | Found Cinosafi's Magic Scroll Shoppe.
 32848 | Elf:3    | Noticed an Ice Fiend
 32849 | Elf:3    | Noticed a Brimstone Fiend
 33218 | Elf:3    | Noticed a Hell Sentinel
 33495 | Elf:3    | Found Muomorphe's Jewellery Emporium.
 33698 | Elf:3    | Found Sim Jant's Assorted Antiques.
 33766 | Elf:3    | Identified the +6 quarterstaff of Miqemae {elec, Int+4 SInv
                  | Stlth+}
 33768 | Elf:3    | Noticed an Ice Fiend
 33769 | Elf:3    | Noticed an Ice Fiend
 33773 | Elf:3    | Shot with an arrow by a deep elf master archer

Levels and vault maps discovered:
D:1:      onia_arrival_pentagram, layout_loops_ring, serial_bayou_pond_a,
          minmay_distorted
D:2:      wad_pebble_path, layout_basic, chequers_ecumenical_altar_grove
D:3:      layout_loops_ring
D:4:      layout_rooms, elyvilon_altar_3, tso_metal_star
D:5:      layout_rooms, first_ration, uniq_menkaure
D:6:      layout_loops_ring, kennysheep_little_box, uniq_eustachio
D:7:      nicolae_whirlpool, layout_rooms, minitemple, temple_fountains,
          uniq_crazy_yiuf_cottage
D:8:      layout_rooms, gammafunk_temple_overflow_pools, lair_entry_dummy,
          grunt_pizzeria, bloody_trog, uniq_pikel, uniq_grum, uniq_erica
D:9:      layout_rooms, minivault_10
D:10:     layout_stronghold, serial_shops, kennysheep_mini, uniq_harold
D:11:     layout_loops_ring, gammafunk_ghost_cemetery, gauntlet_entry_generic,
          serial_shops, nicolae_shop_waterfront
D:12:     layout_irregular_city, hiddenorc1_lemuel, nicolae_antique_artefacts,
          drop_trap, uniq_azrael
D:13:     layout_grid_maze, serial_shops, shop
D:14:     layout_loops_cross, david_vaults_4, serial_park_square1
          [serial_park_minivault_5x5_7], grunt_ministairs_9
D:15:     hangedman_depths_entry_civil_slaughter, layout_grid_maze,
          nicolae_ashenzari_panopticon
Lair:1:   layout_cave_pods
Lair:2:   layout_cave_pods, minmay_snake_entry_guardpost_small, st_stairs_9,
          serial_bayou_crossing
Lair:3:   layout_gridlike, minivault_23, grunt_megastairs_4
Lair:4:   minmay_lair_venomous_thicket, layout_regular_city, swamp_mist,
          wad_woods_02, grunt_megastairs_1
Lair:5:   layout_hall_layers, infiniplex_staircase_pool
Lair:6:   minmay_lair_end_frog_pond, layout_regular_city, slime_altar_1
Snake:1:  layout_honeycomb, basic_altar, statue_in_the_mist_lemuel,
          minmay_shoptagon
Snake:2:  layout_basic
Snake:3:  layout_basic, uniq_roxanne, uniq_vashnia, uniq_kirke
Snake:4:  minmay_snake_end_coiled, layout_chambers, serial_shops, shop_statue
Orc:1:    layout_caves, uniq_snorg
Orc:2:    grunt_orc_tribal_feast, layout_caves, serial_shops,
          nicolae_shop_stone, uniq_josephine
Elf:1:    eino_elf_arrival_shootout, layout_geoelf_octagon, minivault_28,
          hangedman_elf_represent, uniq_aizul
Elf:2:    layout_gridlike, serial_shops, shop, minmay_elf_necromancy,
          lemuel_elevator, uniq_agnes
Elf:3:    grunt_elf_hall_spiral, layout_geoelf_diagonals, serial_shops,
          shop_statue, shop, nicolae_shop_stone, nicolae_shop_stone, shop

Skill      XL: |  1  2  3  4  5  6  7  8  9 10 11 12 13 14 15 16 17 18 |
---------------+-------------------------------------------------------+-----
Axes           | 4 5 6 7 8 10 12 14 15 17 19 20 22 23 24 25 | 25.3
Fighting       | 4 5 6 7 9 10 12 13 14 15 16 18 20 21 | 21.0
Armour         | 3 4 5 7 8 10 11 13 14 15 16 17 18 19 | 19.1
Dodging        | 6 8 10 | 10.5

Action                   |  1- 3 |  4- 6 |  7- 9 | 10-12 | 13-15 | 16-18 || total
-------------------------+-------+-------+-------+-------+-------+-------++-------
Melee: Hand axe          |    80 |   145 |   128 |       |       |       ||   353
       Headbutt          |     7 |    24 |    60 |    84 |   185 |   181 ||   541
       War axe           |       |       |   110 |     8 |       |       ||   118
       Battleaxe         |       |       |       |   348 |   731 |   108 ||  1187
       Executioner's axe |       |       |       |    57 |    36 |   654 ||   747
Invok: Berserk           |       |       |     9 |    11 |     5 |     2 ||    27
       Brothers in Arms  |       |       |       |     2 |       |     2 ||     4
       Trog's Hand       |       |       |       |       |       |     2 ||     2
Evoke: Wand              |       |       |       |     1 |       |       ||     1
  Use: Scroll            |       |       |       |    13 |    14 |    12 ||    39
       Potion            |       |       |       |     4 |     2 |     6 ||    12
 Stab: Petrified         |       |       |       |       |     3 |       ||     3
       Petrifying        |       |       |       |       |     1 |       ||     1
       Distracted        |       |       |       |       |       |     1 ||     1
  Eat: Chunk             |       |     5 |    15 |    22 |    29 |    19 ||    90
       Ration            |       |       |       |     2 |     4 |     6 ||    12
Armor: Ring mail         |    19 |    52 |       |       |       |       ||    71
       Chain mail        |       |       |   135 |   293 |   274 |   169 ||   871
       Skin              |       |       |       |       |     8 |       ||     8
       Plate armour      |       |       |       |       |   127 |   320 ||   447
Dodge: Dodged            |    44 |    87 |   110 |   203 |   304 |   337 ||  1085

Table legend:
 A = Non-vault XP
 B = Vault XP
 C = Vault XP percentage of total XP
 D = Non-vault monster count
 E = Vault monster count
 F = Vault count percentage of total count
                 A         B        C        D         E       F
            +---------+---------+-------+---------+---------+-------
      Total |  226317 |  142689 |  38.7 |     790 |     305 |  27.9
            +---------+---------+-------+---------+---------+-------
        D:1 |      32 |       6 |  15.8 |      17 |       4 |  19.0
        D:2 |     139 |       0 |   0.0 |      31 |       0 |   0.0
        D:3 |      89 |       0 |   0.0 |      18 |       0 |   0.0
        D:4 |     428 |       0 |   0.0 |      15 |       0 |   0.0
        D:5 |     391 |     169 |  30.2 |      21 |       1 |   4.5
        D:6 |     632 |     202 |  24.2 |      14 |       1 |   6.7
        D:7 |    1139 |     378 |  24.9 |      26 |       4 |  13.3
        D:8 |    2028 |    2352 |  53.7 |      33 |       7 |  17.5
        D:9 |    3089 |       0 |   0.0 |      26 |       0 |   0.0
       D:10 |    1017 |       0 |   0.0 |       9 |       0 |   0.0
       D:11 |    4330 |       0 |   0.0 |      30 |       0 |   0.0
       D:12 |    5556 |    2719 |  32.9 |      29 |      25 |  46.3
       D:13 |    6611 |       0 |   0.0 |      23 |       0 |   0.0
       D:14 |    8901 |    3377 |  27.5 |      26 |       9 |  25.7
       D:15 |   15488 |    4649 |  23.1 |      40 |       6 |  13.0
     Lair:1 |    3832 |       0 |   0.0 |      20 |       0 |   0.0
     Lair:2 |    3684 |     492 |  11.8 |      16 |       3 |  15.8
     Lair:3 |    4585 |     262 |   5.4 |      18 |       2 |  10.0
     Lair:4 |    5841 |    3818 |  39.5 |      21 |      20 |  48.8
     Lair:5 |    1757 |       0 |   0.0 |       9 |       0 |   0.0
     Lair:6 |   16075 |   12366 |  43.5 |      50 |      44 |  46.8
    Snake:1 |   19564 |       0 |   0.0 |      34 |       0 |   0.0
    Snake:2 |   25526 |       0 |   0.0 |      48 |       0 |   0.0
    Snake:3 |   25627 |   13559 |  34.6 |      47 |      10 |  17.5
    Snake:4 |   25785 |   21051 |  44.9 |      44 |      42 |  48.8
      Orc:1 |    1574 |    1106 |  41.3 |      34 |       1 |   2.9
      Orc:2 |    2748 |    9256 |  77.1 |      29 |      34 |  54.0
      Elf:1 |   14981 |   17240 |  53.5 |      25 |      25 |  50.0
      Elf:2 |   10451 |   30899 |  74.7 |      17 |      40 |  70.2
      Elf:3 |   14417 |   13467 |  48.3 |      20 |       9 |  31.0
   Gauntlet |       0 |    5321 | 100.0 |       0 |      18 | 100.0
            +---------+---------+-------+---------+---------+-------
